 Dungeon Crawl Stone Soup version 0.27-a0-262-gc50aac273e (webtiles) character file.

Game seed: 9343945116974839314

11 mister155 the Firebug (level 2, -1/20 HPs)
             Began as a Draconian Fire Elementalist on Feb 4, 2021.
             Slain by a leopard gecko (4 damage)
             ... on level 2 of the Dungeon on Mar 10, 2021.
             The game lasted 00:08:25 (1092 turns).

mister155 the Firebug (Draconian Fire Elementalist) Turns: 1092, Time: 00:08:26

Health: -1/20      AC:  4    Str: 10    XL:     2   Next: 17%
Magic:  4/5        EV: 12    Int: 15    God:
Gold:   32         SH:  0    Dex: 11    Spells: 4/5 levels left

rFire    . . .     SeeInvis .   b - +0 dagger
rCold    . . .     Faith    .   (no shield)
rNeg     . . .     Spirit   .   (armour unavailable)
rPois    .         Reflect  .   (helmet restricted)
rElec    .         Harm     .   (no cloak)
rCorr    .         Rampage  .   (no gloves)
Will     .....                  (no boots)
Stlth    ++........             (no amulet)
HPRegen  0.06/turn              (no ring)
MPRegen  0.09/turn              (no ring)

@: no status effects
A: unfitting armour, cold-blooded, AC +4
a: no special abilities


You were on level 2 of the Dungeon.
You visited 1 branch of the dungeon, and saw 2 of its levels.

You collected 32 gold pieces.

Inventory:

Hand Weapons
 b - a +0 dagger (weapon)
 c - a +0 dagger
 e - a cursed -1 club
Potions
 a - a potion of lignification {unknown}
 d - a potion of flight {unknown}
 f - a potion of heal wounds {unknown}


   Skills:
 + Level 2.0 Dodging
 + Level 1.9 Stealth
 + Level 2.0 Spellcasting
 + Level 1.0 Conjurations
 + Level 3.4 Fire Magic


You had 4 spell levels left.
You knew the following spells:

 Your Spells              Type           Power        Failure   Level
a - Foxfire               Conj/Fire      32%          9%          1

Your spell library contained the following spells:

 Spells                   Type           Power        Failure   Level
 Conjure Flame            Conj/Fire      8%           26%         3
 Inner Flame              Hex/Fire       6%           32%         3
 Sticky Flame             Conj/Fire      8%           65%         4
 Fireball                 Conj/Fire      4%           94%         5


Dungeon Overview and Level Annotations

Branches:
Dungeon (2/15)

Altars:


Innate Abilities, Weirdness & Mutations

Your plain brown scales are hard. (AC +4)
You cannot fit into any form of body armour.
You are cold-blooded and may be slowed by cold attacks.


Message History

The leopard gecko is moderately wounded.
The leopard gecko hisses menacingly.
The leopard gecko bites you.
You closely miss the leopard gecko.
The leopard gecko is moderately wounded.
The leopard gecko bites you.
* * * LOW HITPOINT WARNING * * *
The leopard gecko bites you.
* * * LOW HITPOINT WARNING * * *
You hit the leopard gecko.
The leopard gecko is severely wounded.
The leopard gecko hisses menacingly.
The leopard gecko misses you.
Your foxfire dissipates!
Found 11 gold pieces.
Found a stone staircase leading up.
An ooze comes into view.
An adder comes into view.
The ooze quivers.
The leopard gecko bites you.
You die...

#.# #..# #.# #..#
#.# #..# #.# #...
#.# #.## # #.# ..#
#.# ###..$# #.##
###..<.... #..#
#.@......S ##.#
#l#....... #.#
#.####.J.# #.# #.#
..# #.# #.####....
#.# #......# #.#
#..#####
#.###...#####
#######.............


You could see an ooze, an adder (asleep) and a leopard gecko.

Vanquished Creatures
  2 giant cockroaches (D:1)
  2 goblins (D:1)
  A hobgoblin (D:1)
  2 jackals (D:1)
  A bat (D:2)
  A kobold (D:2)
  A rat (D:1)
10 creatures vanquished.

Vanquished Creatures (others)
  12 foxfires
12 creatures vanquished.

Grand Total: 22 creatures vanquished

Notes
Turn   | Place    | Note
-------+----------+-------------------------------------------
     0 | D:1      | mister155 the Draconian Fire Elementalist began the quest
                  | for the Orb.
     0 | D:1      | Reached XP level 1. HP: 14/14 MP: 3/3
   807 | D:1      | Reached XP level 2. HP: 14/20 MP: 0/5
  1092 | D:2      | Slain by a leopard gecko

Illustrated notes

Levels and vault maps discovered:
D:1:      minmay_arrival_cross, layout_loops_ring, minmay_worlds_worst_comb
D:2:      layout_loops_ring, chequers_ecumenical_altar_simple

Skill      XL: |  1  2 |
---------------+-------+-----
Dodging        | 2 |  2.0
Stealth        | |  1.9
Spellcasting   | |  2.0
Conjurations   | |  1.0
Fire Magic     | |  3.4

Action                   || total
-------------------------++-------
Melee: Unarmed           ||    24
       Tailslap          ||     4
       Dagger            ||    13
 Cast: Foxfire           ||     9
 Stab: Sleeping          ||     2
Armor: Skin              ||    17
Dodge: Dodged            ||    44

Table legend: (Time is in decaauts)
 A = Elapsed time spent in this place.
 B = Non-inter-level travel time spent in this place.
 C = Inter-level travel time spent in this place.
 D = Time resting spent in this place.
 E = Time spent auto-exploring this place.
 F = Levels seen in this place.
 G = Mean time per level.
                   A        B        C        D        E       F      G
               +--------+--------+--------+--------+--------+-----+--------+
         Total |   1091 |   1055 |     36 |    484 |    100 |   2 |  545.5 |
       Dungeon |   1091 |   1055 |     36 |    484 |    100 |   2 |  545.5 |
               +--------+--------+--------+--------+--------+-----+--------+

Top non-repeatable levels by time:
     D:1: 990 daAuts
     D:2: 101 daAuts
